 Dungeon Crawl Stone Soup version 0.27-a0-1525-g1038ab4fd7 (webtiles) character file.

Game seed: 13596673677540747880

155 dracfodder the Chiller (level 5, -3/28 HPs)
             Began as a Gargoyle Ice Elementalist on July 10, 2021.
             Slain by an orc (4 damage)
             ... on level 4 of the Dungeon.
             The game lasted 00:10:48 (1705 turns).

dracfodder the Chiller (Gargoyle Ice Elementalist)  Turns: 1705, Time: 00:10:48

Health: -3/28      AC:  6    Str: 11    XL:     5   Next: 37%
Magic:  11/11      EV: 12    Int: 17    God:
Gold:   28         SH:  0    Dex: 10    Spells: 8/12 levels left

rFire    . . .     SeeInvis .   b - +1 dagger (venom)
rCold    . . .     Faith    .   (no shield)
rNeg     + . .     Spirit   .   a - +0 robe
rPois    ∞         Reflect  .   (no helmet)
rElec    +         Harm     .   (no cloak)
rCorr    .         Rampage  .   (no gloves)
Will     .....                  (no boots)
Stlth    +.........             (no amulet)
HPRegen  0.09/turn              (no ring)
MPRegen  0.12/turn              (no ring)

@: confused, brilliant
A: sickness immunity, AC +4, negative energy resistance 1, electricity
resistance, torment resistance 1, petrification resistance
a: no special abilities


You were on level 4 of the Dungeon.
You visited 1 branch of the dungeon, and saw 4 of its levels.

You collected 28 gold pieces.

Inventory:

Hand Weapons
 b - a +1 dagger of venom (weapon)
 i - a +1 hand crossbow of flaming
 j - a +0 whip
 m - a +1 hand axe of freezing
Missiles
 e - 21 stones
 h - 14 bolts
 l - 3 boomerangs
Armour
 a - a +0 robe (worn)
Scrolls
 c - a scroll of enchant weapon {unknown}
 d - a scroll of fear {unknown}
 f - a scroll of teleportation {unknown}
 g - a scroll of immolation {unknown}


   Skills:
 + Level 0.1 Fighting
 + Level 1.7 Dodging
 + Level 2.4 Stealth
 * Level 4.0 Spellcasting
 + Level 5.0 Ice Magic


You had 8 spell levels left.
You knew the following spells:

 Your Spells              Type           Power      Damage    Failure   Level
a - Freeze                Ice            100%       1d11      1%          1
b - Frozen Ramparts       Ice            60%        1d8       6%          3

Your spell library contained the following spells:

 Spells                   Type           Power      Damage    Failure   Level
 Ozocubu's Armour         Ice            30%        N/A       6%          3
 Hailstorm                Conj/Ice       17%        3d6       50%         4


Dungeon Overview and Level Annotations

Branches:
Dungeon (4/15)
 Temple: D:4-7

Altars:

Annotations:
D:2 Sigmund
D:4 Grinder


Innate Abilities, Weirdness & Mutations

You are immune to sickness and miasma.
Your stone body is resilient. (AC +4)
You are immune to poison.
You resist negative energy. (rN+)
You are resistant to electric shocks. (rElec)
You are resistant to unholy torment.
You are immune to petrification.


Message History

You feel less confused. The orc hits you but does no damage.
Something barely misses you.
The ball python hisses angrily.
You hit the orc.
The orc is lightly wounded.
The goblin misses you. The orc completely misses you.
Something hits you but does no damage.
You closely miss the orc. The goblin closely misses you.
The orc barely misses you. Something hits you but does no damage.
The orc barely misses you.
Grinder comes into view.
Unknown command.
You completely miss the orc. The orc closely misses you.
The goblin hits you with a +0 club.
The orc hits you with a +0 vampiric hand axe.
Something hits you. The orc hits you but does no damage.
Unknown command.
Grinder shouts!
You hit the orc.
The orc is moderately wounded.
The goblin hits you but does no damage. The orc barely misses you.
The orc hits you with a +0 vampiric hand axe.
Something hits you.
* * * LOW HITPOINT WARNING * * *
The orc hits you but does no damage.
Grinder says, "My boss said I was rubbish.
His entrails said otherwise."
It was a potion of brilliance.
You feel clever all of a sudden. The goblin hits you but does no damage.
The orc hits you with a +0 war axe.
* * * LOW HITPOINT WARNING * * *
The orc hits you but does no damage.
You hear some strange, mumbled words.
You are confused.
The orc hits you but does no damage.
You're too confused to cast spells.
You closely miss the orc.
The orc is moderately wounded.
A quokka comes into view.
The goblin closely misses you. The orc hits you with a +0 war axe.
You die...

........ .).#... #.#
........ ...#...##.####
....... r.5....#.....##
#......
..........#...####......
..........#...##....#...
......SZ......>.....#...
#....go{......)#.......
#.oo@o..(....##......
##.###.....<.......†. ..
####.)........#. ...
#[).......##. #..
#................#. ..
.................#. .
..#..............#.
##...............
..##............#


You could see Grinder, 4 orcs, a quokka, a goblin, a ball python and a bullfrog
skeleton.

Vanquished Creatures
  A scorpion (D:4)
  2 orc priests (D:4)
  2 dart slugs
  2 orcs (D:4)
  2 endoplasms
  A giant cockroach (D:1)
  3 hobgoblins
  3 jackals
  8 kobolds
  A quokka (D:1)
  4 ball pythons
  3 bats (D:1)
  2 frilled lizards (D:1)
  3 rats
37 creatures vanquished.

Notes
Turn   | Place    | Note
-------+----------+-------------------------------------------
     0 | D:1      | dracfodder the Gargoyle Ice Elementalist began the quest
                  | for the Orb.
     0 | D:1      | Reached XP level 1. HP: 10/10 MP: 3/3
   304 | D:1      | Reached XP level 2. HP: 15/15 MP: 3/5
   441 | D:1      | Found a faded altar of an unknown god.
   891 | D:1      | Reached XP level 3. HP: 19/19 MP: 4/6
   896 | D:1      | Learned a level 3 spell: Frozen Ramparts
  1105 | D:2      | Noticed Sigmund
  1156 | D:4      | Noticed a scorpion
  1164 | D:4      | Killed a scorpion
  1165 | D:4      | Reached XP level 4. HP: 22/24 MP: 2/9
  1276 | D:4      | Reached XP level 5. HP: 26/28 MP: 6/10
  1284 | D:4      | Reached skill level 5 in Ice Magic
  1286 | D:4      | HP: 1/28 [orc priest/divine providence (12)]
  1701 | D:4      | Noticed Grinder
  1704 | D:4      | HP: 1/28 [orc (5)]
  1705 | D:4      | Slain by an orc

Illustrated notes

Levels and vault maps discovered:
D:1:      psy_arrival_fountain, layout_basic, ebering_ecumenical_altar_hall
D:2:      layout_basic, basic_altar, uniq_natasha, uniq_sigmund
D:3:      layout_basic
D:4:      layout_cave_pools, uniq_grinder

Skill      XL: |  1  2  3  4  5 |
---------------+----------------+-----
Spellcasting   | 3 4 |  4.0
Ice Magic      | 5 |  5.0
Fighting       | |  0.1
Dodging        | |  1.7
Stealth        | |  2.4

Action                   |  1- 3 |  4- 6 || total
-------------------------+-------+-------++-------
Melee: Dagger            |       |    20 ||    20
       Short sword       |       |     1 ||     1
 Cast: Freeze            |    39 |    10 ||    49
  Use: Potion            |       |     1 ||     1
Armor: Robe              |    10 |    20 ||    30
Dodge: Dodged            |    16 |    24 ||    40

Table legend: (Time is in decaauts)
 A = Elapsed time spent in this place.
 B = Non-inter-level travel time spent in this place.
 C = Inter-level travel time spent in this place.
 D = Time resting spent in this place.
 E = Time spent auto-exploring this place.
 F = Levels seen in this place.
 G = Mean time per level.
                   A        B        C        D        E       F      G
               +--------+--------+--------+--------+--------+-----+--------+
         Total |   1706 |   1661 |     45 |    778 |    532 |   4 |  426.5 |
       Dungeon |   1706 |   1661 |     45 |    778 |    532 |   4 |  426.5 |
               +--------+--------+--------+--------+--------+-----+--------+

Top non-repeatable levels by time:
     D:1: 988 daAuts
     D:3: 434 daAuts
     D:4: 162 daAuts
     D:2: 121 daAuts
